 Dungeon Crawl Stone Soup version 0.30-a0-847-g17996783a1 (webtiles) character file.

Game seed: 10666182105044356558

139 BubbleThief the Poker (level 5, 0/37 (41) HPs)
             Began as a Demonspawn Reaver on Mar 3, 2023.
             Was a Believer of Sif Muna.
             Slain by a gnoll
             ... wielding a +0 halberd
              (8 damage)
             ... on level 2 of the Dungeon.
             The game lasted 00:03:51 (1915 turns).

BubbleThief the Poker (Demonspawn Reaver)           Turns: 1915, Time: 00:03:52

HP:   0/37 (41)     AC:  3    Str: 14    XL:     5   Next: 1%
MP:   8/8           EV: 11    Int: 15    God:    Sif Muna [**....]
Gold: 137           SH:  0    Dex: 11    Spells: 5/8 levels left

rFire   . . .      SeeInvis .    a - +0 spear
rCold   . . .      Faith    .    (no shield)
rNeg    . . .      Spirit   .    b - +0 leather armour
rPois   .          Reflect  .    (helmet restricted)
rElec   .          Rampage  .    c - scarf {+Inv}
rCorr   .                        (no gloves)
Will    .....                    (no boots)
Stlth   +                        (no amulet)
HPRegen 0.26/turn                (no ring)
MPRegen 0.22/turn                (no ring)

@: drained
A: hooves 1, horns 1, magic regeneration, demonic touch 1
a: Renounce Religion, Evoke Invisibility, Channel Magic


You were on level 2 of the Dungeon.
You worshipped Sif Muna.
Sif Muna was pleased with you.
You visited 1 branch of the dungeon, and saw 3 of its levels.

You collected 137 gold pieces.

Inventory:

Hand Weapons
 a - a +0 spear (weapon)
Armour
 b - a +0 leather armour (worn)
 c - a scarf of invisibility (worn)
Scrolls
 d - 2 scrolls of magic mapping {unknown}
 e - 3 scrolls of vulnerability {unknown}
 f - a scroll of teleportation {unknown}
 g - 2 scrolls of identify {unknown}
 h - a scroll of fear {unknown}
 k - 2 scrolls of enchant weapon {unknown}
Potions
 i - a potion of brilliance {unknown}
 j - a potion of magic {unknown}
 l - a potion of degeneration {unknown}


   Skills:
 + Level 3.3 Fighting
 * Level 4.5 Polearms
 - Level 1.7 Dodging
 - Level 2.0 Spellcasting
 - Level 3.0 Conjurations


You had 5 spell levels left.
You knew the following spells:

 Your Spells              Type           Power      Damage    Failure   Level
a - Kiss of Death         Conj/Necr      24%        2d7       16%         1
b - Momentum Strike       Conj/Tloc      12%        3d8       22%         2

Your spell library contained the following spells:

 Spells                   Type           Power      Damage    Failure   Level
 Sandblast                Erth           2%         2d4       28%         1
 Passwall                 Tmut/Erth      0%         N/A       38%         2
 Hailstorm                Conj/Ice       6%         3d4       41%         3
 Stone Arrow              Conj/Erth      12%        3d7       41%         3
 Vhi's Electric Charge    Tloc/Air       2%         N/A       63%         3
 Arcjolt                  Conj/Air       3%         1d13      99%         5
 Maxwell's Capacitive Co  Air            0%         ∞         100%        8


Dungeon Overview and Level Annotations

Branches:
Dungeon (3/15)

Altars:
Sif Muna


Innate Abilities, Weirdness & Mutations

You have large cloven feet.
You have a pair of small horns on your head.
You regenerate magic rapidly.
Your touch may inflict minor irresistible damage on your foes.


Message History

You reach to attack!
You hit the gnoll.
The gnoll is severely wounded.
The gnoll closely misses you.
Reach: a) +0 spear
Press: ? - help, Dir - move target, f/p - gnoll
Aim: a gnoll, wielding a +0 halberd (severely wounded, about 35% to evade your +0 spear)
You reach to attack!
You hit the gnoll.
The gnoll is almost dead.
The gnoll closely misses you.
Reach: a) +0 spear
Press: ? - help, Dir - move target, f/p - gnoll
Aim: a gnoll, wielding a +0 halberd (almost dead, about 35% to evade your +0 spear)
You reach to attack!
You closely miss the gnoll.
The gnoll is almost dead.
The gnoll barely misses you.
Reach: a) +0 spear
Press: ? - help, Dir - move target, f/p - gnoll
Aim: a gnoll, wielding a +0 halberd (almost dead, about 35% to evade your +0 spear)
You reach to attack!
You hit the gnoll but do no damage.
The gnoll is almost dead.
The gnoll hits you from afar with a +0 halberd.
Reach: a) +0 spear
Press: ? - help, Dir - move target, f/p - gnoll
Aim: a gnoll, wielding a +0 halberd (almost dead, about 35% to evade your +0 spear)
You reach to attack!
You closely miss the gnoll.
The gnoll is almost dead.
Reach: a) +0 spear
Press: ? - help, Dir - move target, f/p - gnoll
Aim: a gnoll, wielding a +0 halberd (almost dead, about 35% to evade your +0 spear)
You reach to attack!
You closely miss the gnoll.
The gnoll is almost dead.
The gnoll hits you from afar with a +0 halberd.
* * * LOW HITPOINT WARNING * * *
Reach: a) +0 spear
Press: ? - help, Dir - move target, f/p - gnoll
Aim: a gnoll, wielding a +0 halberd (almost dead, about 35% to evade your +0 spear)
You reach to attack!
You hit the gnoll but do no damage.
The gnoll is almost dead.
The gnoll hits you from afar with a +0 halberd!
You die...

#####....≈≈≈.....##
#......########..#
#.##..###.# ##.#
##.##.####.# ##'##
#..........# ##...##
#..##.###..# ##.....###
#..........###........## #
#.##......###...).#+#..###
#.##.#...@.ggg...## ##....
#.##[.....###....# #...#
#.###>#.#.# #..### ###..
#.###.###.# #.## ##.
#.........# #.# #.
#####.##### #.## ##. #.#
#..### ###.. #.# ##...#
#...# #.# ###.## #.###


You could see 2 gnolls and a goblin.

Vanquished Creatures
  An orc priest (D:3)
  5 gnolls
  2 adders (D:2)
  An adder zombie (D:2)
  A worm (D:2)
  4 orcs
  2 bat skeletons (D:2)
  An endoplasm (D:3)
  A giant cockroach (D:1)
  A hobgoblin (D:1)
  3 jackals (D:2)
  A quokka (D:1)
  4 ball pythons
  A ball python zombie (D:2)
  A bat (D:2)
  A frilled lizard (D:3)
  A giant cockroach zombie (D:2)
  5 kobolds
  A rat (D:2)
37 creatures vanquished.

Vanquished Creatures (others)
  6 withered plants (D:2)
6 creatures vanquished.

Grand Total: 43 creatures vanquished

Notes
Turn   | Place    | Note
-------+----------+-------------------------------------------
     0 | D:1      | BubbleThief the Demonspawn Reaver began the quest for the
                  | Orb.
     0 | D:1      | Reached XP level 1. HP: 16/16 MP: 3/3
     2 | D:1      | Noticed a draconian
     2 | D:1      | Noticed a troll
     4 | D:1      | Noticed a demonspawn
     4 | D:1      | Noticed a gargoyle
     6 | D:1      | Noticed an elf
     8 | D:1      | Noticed a human
     8 | D:1      | Noticed a spriggan
    10 | D:1      | Noticed a tengu
    10 | D:1      | Noticed an ogre
    12 | D:1      | Noticed a demigod
    12 | D:1      | Noticed a minotaur
    14 | D:1      | Noticed a vampire
    14 | D:1      | Noticed a ghoul
    16 | D:1      | Noticed a naga
    16 | D:1      | Noticed a felid
    18 | D:1      | Noticed an armataur
    20 | D:1      | Noticed a meteoran
    20 | D:1      | Noticed a vine stalker
    22 | D:1      | Noticed an octopode
    24 | D:1      | Noticed a merfolk
    24 | D:1      | Noticed a demonspawn
    26 | D:1      | Noticed a demigod
    26 | D:1      | Noticed an octopode
   163 | D:1      | Found a faded altar of an unknown god.
   225 | D:1      | Prayed at the altar of an unknown god.
   225 | D:1      | Became a worshipper of Sif Muna the Loreminder
   225 | D:1      | Reached * piety under Sif Muna
   432 | D:1      | Reached skill level 3 in Polearms
   559 | D:1      | Discovered your monstrous ancestry.
   559 | D:1      | Gained mutation: You have large cloven feet. [demonic
                  | ancestry]
   559 | D:1      | Reached XP level 2. HP: 22/22 MP: 5/5
   964 | D:2      | Gained mutation: You regenerate magic rapidly. [demonic
                  | ancestry]
   964 | D:2      | Reached XP level 3. HP: 24/28 MP: 6/6
  1383 | D:2      | Reached skill level 4 in Polearms
  1383 | D:2      | Gained mutation: Your touch may inflict minor irresistible
                  | damage on your foes. [demonic ancestry]
  1383 | D:2      | Reached XP level 4. HP: 16/34 MP: 7/7
  1461 | D:1      | Learned a level 2 spell: Momentum Strike
  1892 | D:2      | Reached ** piety under Sif Muna
  1893 | D:2      | Gained mutation: You have a pair of small horns on your
                  | head. [demonic ancestry]
  1893 | D:2      | Reached XP level 5. HP: 36/37 MP: 8/8
  1915 | D:2      | Slain by a gnoll

Illustrated notes

Levels and vault maps discovered:
D:1:      kb_arrival_jail, layout_loops_ring,
          hellmonk_ecumenical_altar_heavens_door, chequers_jeans
D:2:      cheibrodos_greedy_goblins, layout_loops_corners, serial_undead,
          serial_undead_a, serial_undead_b, serial_undead_f, serial_undead_e,
          corexii_corridor_pit
D:3:      layout_basic, uniq_sigmund

Skill      XL: |  1  2  3  4 |
---------------+-------------+-----
Polearms       | 3 4 |  4.5
Fighting       | 3 |  3.3
Dodging        | |  1.7
Spellcasting   | |  2.0
Conjurations   | |  3.0

Action                     |  1- 3 |  4- 6 || total
---------------------------+-------+-------++-------
  Melee: Spear             |   141 |    54 ||   195
         Punch             |     3 |       ||     3
         Kick              |    22 |     7 ||    29
         Touch             |       |     2 ||     2
   Cast: Kiss of Death     |       |     2 ||     2
 Armour: Leather armour    |    33 |     2 ||    35
  Dodge: Dodged            |    87 |    25 ||   112

Table legend: (Time is in decaauts)
 A = Elapsed time spent in this place.
 B = Non-inter-level travel time spent in this place.
 C = Inter-level travel time spent in this place.
 D = Time resting spent in this place.
 E = Time spent auto-exploring this place.
 F = Levels seen in this place.
 G = Mean time per level.
                   A        B        C        D        E       F      G
               +--------+--------+--------+--------+--------+-----+--------+
         Total |   1905 |   1822 |     83 |    136 |   1236 |   3 |  635.0 |
       Dungeon |   1905 |   1822 |     83 |    136 |   1236 |   3 |  635.0 |
               +--------+--------+--------+--------+--------+-----+--------+

Top non-repeatable levels by time:
     D:2: 1026 daAuts
     D:1: 764 daAuts
     D:3: 114 daAuts
